 Dungeon Crawl Stone Soup version 0.23.2 (webtiles) character file.

Game seed: 2927647270487534515

216 doot the Ruffian (level 5, -1/48 HPs)
             Began as a Troll Transmuter on Apr 8, 2019.
             Killed by nerve-wracking pain
             ... invoked by an orc priest
              (7 damage)
             ... on level 4 of the Dungeon.
             The game lasted 00:02:55 (1173 turns).

doot the Ruffian (Troll Transmuter)                 Turns: 1173, Time: 00:02:56

Health: -1/48      AC:  6    Str: 19    XL:     5   Next: 61%
Magic:  6/6        EV: 10    Int:  9    God:
Gold:   124        SH:  3    Dex: 10    Spells: 6/7 levels left

rFire    . . .     SeeInvis .     - Unarmed
rCold    . . .     Gourm    +   (no shield)
rNeg     . . .     Faith    .   b - +0 robe
rPois    .         Spirit   .   (helmet restricted)
rElec    .         Reflect  +   (no cloak)
rCorr    .         Harm     .   (gloves unavailable)
MR       .....                  (boots unavailable)
Stlth    +.........             k - +3 amulet of reflection
HPRegen  0.56/turn              (no ring)
MPRegen  0.10/turn              (no ring)

@: no status effects
A: large, unfitting armour, claws 3, fast metabolism 3, gourmand, regeneration
1, shaggy fur 1, tough skin 3
a: no special abilities


You were on level 4 of the Dungeon.
You were very full.

You visited 1 branch of the dungeon, and saw 4 of its levels.

You collected 124 gold pieces.

Inventory:

Missiles
 a - 52 arrows
Armour
 b - a +0 robe (worn)
Jewellery
 k - a +3 amulet of reflection (around neck)
Scrolls
 c - a scroll of immolation {unknown}
 e - 3 scrolls of remove curse {unknown}
 m - a scroll of magic mapping {unknown}
 n - 4 scrolls of teleportation {unknown}
 o - a scroll of amnesia {unknown}
Potions
 f - a potion of invisibility {unknown}
 g - a potion of degeneration {unknown}
 h - a potion of cancellation {unknown}
 j - a potion of heal wounds {unknown}
 l - a potion of brilliance {unknown}
 p - a potion of resistance {unknown}
Comestibles
 d - 7 rations


   Skills:
 + Level 1.0 Fighting
 + Level 2.2 Dodging
 + Level 0.1 Stealth
 + Level 4.8 Unarmed Combat
 + Level 1.7 Spellcasting
 * Level 2.4 Transmutations


You had 6 spell levels left.
You knew the following spells:

 Your Spells              Type           Power        Failure   Level  Hunger
a - Beastly Appendage     Tmut           #.....       13%         1    ##.....

Your spell library contained the following spells:

 Spells                   Type           Power        Failure   Level  Hunger
 Sticks to Snakes         Tmut           #.......     19%         2    ###....
 Spider Form              Tmut/Pois      #.........   54%         3    ####...
 Ice Form                 Ice/Tmut       #.......     91%         4    #####..
 Blade Hands              Tmut           #.........   98%         5    ######.


Dungeon Overview and Level Annotations

Branches:
Dungeon (4/15)
 Temple: D:4-7

Altars:
Fedhas


Innate Abilities, Weirdness & Mutations

You are too large for most types of armour.
You have claws for hands.
Your metabolism is lightning-fast.
You like to eat raw meat.
Your natural rate of healing is unusually fast.
You are covered in fur. (AC +1)
You have extremely tough skin. (AC +3)


Message History

The adder barely misses you.
You claw the orc priest!
The orc priest is heavily wounded.
The orc priest mumbles some strange prayers to Beogh against you.
Beogh smites you!
* * * LOW HITPOINT WARNING * * *
The adder bites you but does no damage.
Unknown command.
You barely miss the orc priest.
The orc priest is heavily wounded.
The adder barely misses you.
The orc priest looks satisfied for a moment.
Unknown command.
You scratch the orc priest.
The orc priest is severely wounded.
The adder bites you.
* * * LOW HITPOINT WARNING * * *
The orc priest invokes the aid of Beogh against you.
Pain shoots through your body!
You die...

# ## # #.. # .... # ....########
# ##...#.#...## ####
............# ##... ......S..<..#
#####.... #o@##..####..##...#
#..#.....##.........
.....##..........#.... ...
#........##. #.##......####..
..<##...........#..##.......#...#
.......................##..#....#
...............##..#...........##
............#.# #.##.##.........#
#..........##. ..... ...........


You could see an orc priest and an adder.

Vanquished Creatures
  An orc priest (D:4)
  3 orc wizards
  2 adders (D:4)
  3 oozes
  A worm (D:3)
  A dart slug (D:1)
  4 leopard geckos
  7 orcs (D:3)
  A ball python (D:3)
  4 bats (D:1)
  2 giant cockroaches (D:1)
  6 goblins (D:1)
  5 hobgoblins
  2 jackals (D:4)
  8 kobolds
  A quokka (D:3)
  4 frilled lizards
  7 rats
62 creatures vanquished.

Notes
Turn   | Place    | Note
-------+----------+-------------------------------------------
     0 | D:1      | doot the Troll Transmuter began the quest for the Orb.
     0 | D:1      | Reached XP level 1. HP: 18/18 MP: 1/1
   137 | D:1      | Reached XP level 2. HP: 26/26 MP: 0/2
   315 | D:1      | Reached XP level 3. HP: 27/32 MP: 2/4
   642 | D:1      | Reached skill level 4 in Unarmed Combat
   843 | D:3      | Reached XP level 4. HP: 40/40 MP: 3/5
   910 | D:3      | Found a blossoming altar of Fedhas.
  1107 | D:4      | Reached XP level 5. HP: 43/46 MP: 4/6
  1160 | D:4      | Reached skill level 1 in Fighting
  1173 | D:4      | Killed from afar by an orc priest

Skill      XL: |  1  2  3  4  5 |
---------------+----------------+-----
Unarmed Combat | 4 |  4.8
Dodging        | 2 |  2.2
Transmutations | 2 |  2.4
Fighting       | 1 |  1.0
Stealth        | |  0.1
Spellcasting   | |  1.7

Action                   |  1- 3 |  4- 6 || total
-------------------------+-------+-------++-------
Melee: Unarmed           |    92 |    51 ||   143
       Headbutt          |     4 |       ||     4
       Kick              |     6 |     4 ||    10
       Punch             |       |     1 ||     1
 Cast: Beastly Appendage |    11 |     5 ||    16
 Stab: Sleeping          |       |     1 ||     1
  Eat: Chunk             |    13 |     3 ||    16
Armor: Robe              |    25 |    15 ||    40
Dodge: Dodged            |    49 |    23 ||    72
Block: Other             |     2 |     7 ||     9
